Map: Submarine LE

Players

Juggernaut

  • Race: Zerg Zerg
  • League: Gold
  • Spawn Location: 11:00

imbacile - Winner!

  • Race: Terran Terran
  • League: Platinum
  • Spawn Location: 5:00

VOD

Have the link to the VOD?

Description

Time

  • Played on: June 28, 2020, 11:13 a.m.
  • Length: 3:21
Show
View Real Time Build Order
Export as new Build Order

Juggernaut Zerg 

Build Orders: Hatch First 

Get SALT Encoding   

  12  0:02  Drone  
  13  0:12  Overlord  
  13  0:16  Drone  
  14  0:22  Extractor  
  14  0:23  Drone  
  15  0:31  Drone  
  15  0:35  Drone  
  17  0:53  Hatchery  
  17  0:56  Drone  
  17  1:00  Drone  
  18  1:11  Extractor  
  17  1:15  Spawning Pool  
  17  1:18  Drone  
  17  1:21  Drone  
  18  1:28  Drone  
  19  1:39  Drone  
  21  1:48  Hatchery  
  21  1:52  Drone  
  21  2:13  Overlord  
  21  2:14  Overlord  
  21  2:31  Queen  
  21  2:35  Zergling x4  
Show
View Real Time Build Order
Export as new Build Order

imbacile Terran - Winner!

Build Orders:  

Get SALT Encoding   

  12  0:01  SCV  
  13  0:13  SCV  
  14  0:18  Supply Depot  
  14  0:25  SCV  
  15  0:39  SCV  
  15  0:41  Barracks  
  16  0:51  SCV  
  17  0:57  Barracks  
  17  1:02  Supply Depot  
  17  1:05  SCV  
  18  1:17  SCV  
  19  1:29  Marine  
  19  1:30  SCV  
  21  1:42  SCV  
  21  1:45  Marine  
  23  1:47  Marine  
  24  1:54  Command Center  
  24  2:01  SCV  
  25  2:08  Supply Depot  
  25  2:19  Marine x2  
  27  2:24  Refinery  
  27  2:25  Refinery  
  27  2:27  SCV  
  28  2:40  SCV  
  28  2:41  Marine x2  
  31  2:52  SCV  
  32  2:59  Refinery, Marine x2  
  32  3:04  SCV  
  35  3:11  Ghost Academy  
Tags
 
Matchup
TvZ
Spawn Locations
Cross Positions
Add a new tag
Caveats
  • Supply blocks, unpowered buildings, or Contaminate may cause inaccurate times.
  • Supply counts are checked every 10 seconds.